Map: King's Cove LE

Players

HellraiseR

  • Race: Protoss Protoss
  • League: Master
  • Spawn Location: 11:00

Lambo - Winner!

  • Race: Zerg Zerg
  • League: Grandmaster
  • Spawn Location: 5:00

VOD

Have the link to the VOD?

Description

Time

  • Played on: Feb. 4, 2019, 2:49 p.m.
  • Length: 12:51
Show
View Real Time Build Order
Export as new Build Order

HellraiseR Protoss 

Build Orders: 1 Gate Expand, Double Forge, Phoenix Opening, Colossus Rush 

Get SALT Encoding   

  12  0:00  Probe  
  13  0:13  Probe  
  14  0:19  Pylon  
  14  0:24  Probe  
  15  0:33  Probe  
  15  0:40  Gateway  
  15  0:41  Probe  
  16  0:48  Assimilator  
  17  0:53  Probe  
  18  1:05  Probe  
  19  1:22  Nexus  
  19  1:27  Probe  
  20  1:36  Cybernetics Core  
  20  1:39  Probe  
  21  1:45  Assimilator  
  21  1:51  Probe  
  22  1:55  Pylon  
  22  2:01  Probe  
  22  2:03  Adept  
  23  2:10  Probe  
  26  2:18  Probe  
  27  2:26  Stargate  
  27  2:30  Probe  
  27  2:31  Probe  
  27  2:33  Adept  
  31  2:39  Probe  
  31  2:40  Warp Gate  
  31  2:42  Probe  
  33  2:49  Probe  
  33  2:54  Probe  
  35  3:00  Phoenix  
  35  3:01  Probe  
  36  3:06  Probe  
  36  3:12  Pylon  
  39  3:13  Probe  
  39  3:17  Gateway  
  39  3:18  Probe  
  39  3:19  Phoenix  
  41  3:26  Probe  
  44  3:30  Probe  
  45  3:37  Assimilator  
  45  3:38  Probe  
  45  3:39  Phoenix  
  46  3:42  Probe  
  49  3:49  Assimilator  
  49  3:50  Probe  
  49  3:51  Pylon  
  49  3:55  Robotics Facility  
  50  3:56  Probe  
  50  4:00  Phoenix  
  50  4:02  Probe  
  52  4:08  Probe  
  55  4:14  Probe, Pylon  
  56  4:20  Probe  
  56  4:23  Phoenix  
  60  4:32  Probe  
  60  4:36  Forge, Zealot  
  60  4:37  Zealot  
  60  4:38  Forge  
  64  4:44  Robotics Bay  
  64  4:49  Protoss Ground Weapons Level 1  
  66  4:59  Protoss Ground Armor Level 1  
  64  5:01  Nexus  
  64  5:02  Zealot  
  64  5:03  Pylon  
  64  5:05  Probe  
  64  5:06  Probe  
  68  5:19  Probe x2  
  70  5:28  Shield Battery, Colossus  
  70  5:31  Probe  
  70  5:35  Pylon  
  77  5:36  Probe  
  77  5:39  Extended Thermal Lance  
  78  5:49  Twilight Council  
  78  5:52  Pylon  
  78  5:53  Probe x2  
  80  5:59  Sentry  
  80  6:00  Sentry  
  80  6:02  Pylon  
  84  6:05  Probe x2  
  86  6:12  Probe  
  86  6:13  Pylon  
  86  6:15  Pylon  
  86  6:17  Probe  
  86  6:18  Probe  
  89  6:20  Probe  
  89  6:22  Colossus  
  90  6:29  Blink, Probe x2  
  90  6:30  Probe  
  99  6:38  Protoss Ground Armor Level 2  
  99  6:39  Assimilator  
  99  6:41  Assimilator, Probe x2  
  99  6:43  Pylon  
  99  6:46  Probe  
  102  6:54  Protoss Ground Weapons Level 2  
  102  7:00  Gateway, Colossus  
  102  7:01  Gateway  
  102  7:02  Pylon, Probe x2  
  102  7:06  Sentry x2  
  106  7:16  Gateway  
  106  7:20  Gateway  
  112  7:23  Gateway  
  112  7:27  Gateway  
  112  7:32  Stalker  
  112  7:33  Stalker  
  112  7:35  Pylon  
  116  7:37  Pylon  
  116  7:42  Photon Cannon  
  116  7:47  Observer  
  116  7:50  Pylon  
  116  7:57  Stalker x4  
  125  8:02  Warp Prism  
  125  8:06  Pylon  
  127  8:15  Nexus  
  127  8:16  Pylon  
  127  8:22  Stalker x4  
  127  8:25  Stalker, Sentry  
  139  8:30  Stalker  
  139  8:31  Stalker  
  143  8:42  Protoss Ground Armor Level 3  
  143  8:48  Stalker  
  143  8:49  Stalker x5  
  143  8:53  Protoss Ground Weapons Level 3  
  155  9:06  Stalker x2  
  159  9:16  Stalker x5  
  129  9:40  Charge  
  129  9:42  Stalker x5  
  129  9:43  Stalker x2  
  139  9:46  Stalker  
  139  10:10  Stalker x6  
  139  10:13  Stalker  
  151  10:16  Stalker  
  151  10:17  Colossus  
  151  10:18  Probe  
  151  10:19  Probe x2  
  151  10:20  Probe  
  151  10:30  Probe  
  130  10:40  Stalker x4  
  134  10:52  Stalker x4  
  134  10:54  Protoss Shields Level 1  
  138  11:05  Stalker x2, Templar Archives  
  138  11:09  Stalker  
  138  11:10  Warp Prism  
  144  11:12  Assimilator  
  144  11:16  Assimilator  
  144  11:17  Pylon  
  144  11:23  Sentry  
  148  11:28  Photon Cannon  
  148  11:29  Shield Battery, Probe x2  
  150  11:46  Nexus  
  150  11:47  Pylon  
  150  11:50  High Templar x2, Pylon  
  154  11:55  Zealot x5  
  154  11:57  High Templar  
  166  12:07  Fleet Beacon  
  148  12:35  Zealot x6  
  148  12:36  Zealot x2  
Show
View Real Time Build Order
Export as new Build Order

Lambo Zerg - Winner!

Build Orders: Hatch First 

Get SALT Encoding   

  12  0:01  Drone  
  13  0:13  Overlord  
  13  0:18  Drone  
  14  0:32  Drone x2  
  16  0:49  Hatchery  
  15  0:52  Drone  
  15  0:56  Drone  
  17  0:59  Drone  
  18  1:10  Extractor  
  17  1:15  Spawning Pool  
  17  1:18  Drone  
  17  1:22  Drone  
  18  1:28  Drone  
  19  1:39  Drone  
  20  1:51  Overlord  
  20  2:02  Queen x2, Zergling x2  
  20  2:05  Drone  
  26  2:12  Drone x2  
  28  2:16  Metabolic Boost  
  28  2:22  Drone  
  29  2:23  Drone  
  30  2:39  Hatchery  
  30  2:41  Drone  
  30  2:43  Drone  
  31  2:45  Drone  
  31  2:49  Overlord  
  32  2:55  Drone  
  32  2:56  Drone  
  34  3:01  Queen  
  36  3:08  Drone x2  
  36  3:12  Drone x2  
  40  3:13  Overlord  
  40  3:16  Drone  
  40  3:18  Drone  
  42  3:20  Drone  
  42  3:23  Drone  
  44  3:31  Overlord  
  44  3:32  Drone x2  
  46  3:38  Queen  
  46  3:40  Evolution Chamber  
  47  3:42  Overlord  
  47  3:43  Drone  
  48  3:51  Zergling x2  
  48  3:52  Zergling x2  
  48  3:53  Drone x2, Queen  
  54  3:58  Drone x2  
  56  4:05  Drone x3  
  56  4:08  Overlord, Zerg Melee Weapons Level 1  
  56  4:09  Drone  
  60  4:12  Drone  
  60  4:14  Queen  
  63  4:18  Zergling x2  
  63  4:19  Overlord  
  64  4:25  Overlord  
  64  4:29  Drone  
  64  4:30  Drone x2, Spore Crawler  
  63  4:32  Drone  
  63  4:34  Drone x2  
  63  4:35  Spore Crawler  
  65  4:39  Queen  
  65  4:42  Spore Crawler  
  65  4:44  Drone x2  
  68  4:49  Lair  
  68  4:51  Drone x2  
  70  4:53  Drone  
  70  4:56  Drone  
  69  5:00  Drone x2  
  69  5:01  Queen  
  69  5:03  Drone x2  
  69  5:05  Drone  
  76  5:08  Drone x3  
  79  5:15  Extractor  
  79  5:17  Drone, Baneling Nest  
  79  5:18  Drone x5  
  82  5:24  Drone x2  
  82  5:25  Drone x2  
  82  5:26  Extractor, Queen  
  87  5:31  Drone x2  
  87  5:35  Extractor, Overlord  
  88  5:37  Overlord  
  88  5:39  Extractor, Drone x2  
  88  5:40  Extractor  
  88  5:42  Drone  
  89  5:47  Drone  
  88  5:52  Drone  
  88  5:55  Hydralisk Den  
  88  5:57  Evolution Chamber, Drone x5, Hatchery  
  88  5:59  Drone x3  
  94  6:07  Spore Crawler  
  94  6:09  Drone, Spore Crawler  
  94  6:10  Drone x3, Spore Crawler  
  95  6:12  Spore Crawler  
  95  6:14  Zerg Melee Weapons Level 2  
  95  6:15  Drone  
  95  6:19  Overseer  
  95  6:24  Zergling x14  
  102  6:32  Overlord  
  105  6:33  Grooved Spines  
  105  6:34  Zerg Missile Weapons Level 1  
  105  6:36  Overlord  
  105  6:37  Overlord  
  105  6:38  Overlord x3  
  104  6:45  Infestation Pit  
  103  6:51  Overlord  
  103  6:57  Hydralisk x6  
  103  7:00  Drone x2  
  116  7:14  Drone x3  
  116  7:15  Drone  
  116  7:17  Drone x2  
  116  7:18  Drone  
  116  7:19  Drone x3  
  116  7:21  Extractor  
  121  7:22  Extractor  
  121  7:24  Overlord  
  121  7:26  Hive  
  121  7:27  Drone  
  121  7:28  Spire  
  120  7:32  Overlord  
  120  7:34  Zergling x16  
  128  7:43  Drone x5  
  128  7:44  Drone, Muscular Augments  
  134  7:48  Centrifical Hooks  
  132  7:56  Hydralisk  
  132  7:57  Hydralisk x2, Zergling x12  
  132  7:58  Zergling x2  
  139  8:03  Hatchery  
  138  8:18  Pneumatized Carapace  
  138  8:20  Drone  
  138  8:21  Overlord x2  
  138  8:23  Hydralisk x2  
  138  8:24  Hydralisk x5  
  153  8:30  Zerg Missile Weapons Level 2  
  153  8:33  Hydralisk x2  
  153  8:34  Hydralisk x3  
  155  8:36  Overlord  
  162  8:41  Viper  
  162  8:43  Zergling x18  
  162  8:47  Baneling x11  
  170  8:51  Zergling x8  
  170  8:53  Baneling x5  
  174  9:00  Baneling x6  
  174  9:01  Zergling x12  
  180  9:08  Baneling x5  
  176  9:17  Zergling x22  
  176  9:19  Baneling x10  
  187  9:26  Zergling x12  
  188  9:36  Hydralisk x3, Zergling x8  
  180  9:43  Hydralisk, Zergling x6  
  180  9:44  Zergling x2  
  180  9:49  Baneling x16  
  180  9:50  Zergling x2  
  180  9:52  Hydralisk  
  178  9:55  Zergling x4  
  179  10:01  Hydralisk x4  
  179  10:02  Zergling x2  
  179  10:04  Extractor  
  177  10:11  Hydralisk, Zergling x2  
  177  10:12  Zergling x8  
  178  10:16  Hydralisk  
  178  10:17  Zergling x4  
  178  10:21  Baneling x5  
  178  10:22  Zergling x2  
  178  10:23  Zergling x2  
  171  10:29  Hydralisk x5  
  177  10:35  Adrenal Glands  
  177  10:38  Zergling x10  
  181  10:43  Zergling x2  
  181  10:47  Zergling x4  
  181  10:51  Zergling x2  
  181  10:54  Overlord x2  
  179  10:58  Overlord  
  179  11:11  Overlord  
  179  11:18  Viper x2  
  179  11:20  Zergling x22  
  196  11:27  Infestor  
  196  11:29  Baneling x6  
  198  11:35  Baneling x4, Zergling x2  
  199  11:41  Baneling x4  
  199  11:53  Spine Crawler  
  199  11:54  Drone x2  
  199  11:55  Spine Crawler  
  199  11:56  Spine Crawler, Drone  
  199  11:58  Spine Crawler x2  
  199  12:00  Zergling x4  
  199  12:02  Baneling x19  
  199  12:04  Overseer  
  199  12:07  Baneling x2  
  197  12:27  Zergling x14  
  197  12:32  Zergling x14  
Tags
 
Add a new tag
Caveats
  • Supply blocks, unpowered buildings, or Contaminate may cause inaccurate times.
  • Supply counts are checked every 10 seconds.